 Dungeon Crawl Stone Soup version 0.26.1-13-g052cdd8df3 (webtiles) character file.

Game seed: 17385204152582839024

11442 sankara the Grappler (level 11, -12/100 HPs)
             Began as a Minotaur Transmuter on July 11, 2021.
             Was a High Priest of Okawaru.
             Killed by divine providence
             ... invoked by an orc priest
              (15 damage)
             ... on level 11 of the Dungeon on Jan 18, 2022.
             The game lasted 00:51:29 (16015 turns).

sankara the Grappler (Minotaur Transmuter)         Turns: 16015, Time: 00:51:30

Health: -12/100    AC: 18    Str: 15    XL:     11   Next: 49%
Magic:  7/13       EV: 19    Int: 10    God:    Okawaru [*****.]
Gold:   931        SH:  0    Dex: 17    Spells: 3/14 levels left

rFire    . . .     SeeInvis .     - Unarmed
rCold    . . .     Faith    .   (no shield)
rNeg     + . .     Spirit   .   L - +5 steam dragon scales
rPois    +         Reflect  .   (helmet restricted)
rElec    .         Harm     .   P - +0 cloak
rCorr    .         Rampage  .   O - +0 pair of fencer's gloves {Riposte Dex+3}
Will     .....     Clarity  +   U - +2 pair of boots
Stlth    +++.......             (no amulet)
HPRegen  0.26/turn              x - ring of poison resistance
MPRegen  0.13/turn              f - ring of positive energy

@: heroism
A: retaliatory headbutt, horns 2, blurry vision 1, clarity, robust 1
a: Renounce Religion, Heroism, Finesse


You were on level 11 of the Dungeon.
You worshipped Okawaru.
Okawaru was extremely pleased with you.
You visited 2 branches of the dungeon, and saw 12 of its levels.
You also visited: Bailey.

You collected 931 gold pieces.

Inventory:

Hand Weapons
 T - the +6 longbow of the Bear {vorpal, Int-2 Dex+6 Stlth+}
   (Okawaru gifted it to you on level 10 of the Dungeon)

   Any arrow fired from it inflicts extra damage.
   It affects your intelligence (-2).
   It affects your dexterity (+6).
   It makes you more stealthy.
Missiles
 a - 8 boomerangs of dispersal
 c - 7 silver javelins
 d - 4 curare-tipped darts
 h - 23 poisoned darts (quivered)
 j - 233 stones
 k - 6 atropa-tipped darts
 l - 44 sling bullets
 p - 2 throwing nets
 s - 19 boomerangs
 H - 6 javelins
Armour
 J - a +0 pair of gloves
 L - +5 steam dragon scales (worn)
 N - a +0 buckler
 O - the +0 pair of fencer's gloves (worn) {Riposte Dex+3}
   (You found it in a bailey)

   It affects your dexterity (+3).
 P - a +0 cloak (worn)
 U - a +2 pair of boots (worn)
Jewellery
 f - a ring of positive energy (right hand)
 x - a ring of poison resistance (left hand)
Wands
 b - a wand of disintegration (11)
 e - a wand of iceblast (15)
 o - a wand of flame (34)
 v - a wand of paralysis (7)
 A - a wand of acid (5)
 E - a wand of enslavement (14)
 M - a wand of digging (7)
Scrolls
 g - 2 scrolls of acquirement {unknown}
 n - a scroll of enchant weapon
 q - 4 scrolls of remove curse
 y - 3 scrolls of amnesia
 z - 5 scrolls of blinking
 B - 2 scrolls of fog
 I - 2 scrolls of identify
 S - a scroll of teleportation {unknown}
Potions
 i - 3 potions of haste {unknown}
 m - a potion of flight
 r - 2 potions of brilliance
 t - a potion of curing
 u - 2 potions of mutation
 w - 5 potions of resistance
 C - a potion of berserk rage
 D - 2 potions of attraction
 F - 2 potions of heal wounds
 G - a potion of degeneration {unknown}
 K - 2 potions of ambrosia {unknown}
 Q - a potion of lignification {unknown}


   Skills:
 + Level 6.5(11.5) Fighting
 - Level 3.0(8.0) Throwing
 - Level 4.0(9.0) Armour
 + Level 4.5(9.5) Dodging
 + Level 12.8(17.8) Unarmed Combat
 - Level 2.0 Spellcasting
 * Level 8.2 Transmutations
 - Level 1.0 Poison Magic
 - Level 5.0 Invocations
 - Level 3.0 Evocations


You had 3 spell levels left.
You knew the following spells:

 Your Spells              Type           Power        Failure   Level
a - Beastly Appendage     Tmut           34%          1%          1
b - Wereblood             Tmut           17%          1%          2
c - Spider Form           Tmut/Pois      5%           14%         3
d - Blade Hands           Tmut           8%           30%         5

Your spell library contained the following spells:

 Spells                   Type           Power        Failure   Level
 Corona                   Hex            1%           30%         1
 Ensorcelled Hibernation  Hex/Ice        2%           43%         2
 Slow                     Hex            1%           43%         2
 Confusing Touch          Hex            1%           67%         3
 Dazzling Flash           Conj/Hex       2%           67%         3
 Inner Flame              Hex/Fire       1%           67%         3
 Portal Projectile        Hex/Tloc       2%           67%         3
 Tukima's Dance           Hex            1%           67%         3
 Ice Form                 Ice/Tmut       9%           50%         4
 Cause Fear               Hex            0%           97%         4
 Leda's Liquefaction      Hex/Erth       0%           97%         4


Dungeon Overview and Level Annotations

Branches:
Dungeon (11/15)            Temple (1/1) D:4             Orc (0/2) D:10
 Bailey (visited)
   Lair: D:8-11

Altars:
Ashenzari
Cheibriados
Dithmenos
Elyvilon
Fedhas
Gozag
Hepliaklqana
Kikubaaqudgha
Makhleb
Nemelex Xobeh
Okawaru
Qazlal
Ru
Sif Muna
Trog
Uskayaw
Vehumet
Wu Jian
Xom
Yredelemnul
Zin
The Shining One

Shops:
D:7 (   D:9 :

Annotations:
D:5 Menkaure


Innate Abilities, Weirdness & Mutations

You reflexively headbutt those who attack you in melee.
You have a pair of horns on your head.
Scrolls take you a little longer to read.
You possess an exceptional clarity of mind.
You are robust. (+10% HP)


Message History

You hit the seven-headed hydra.
The seven-headed hydra is severely wounded.
Your transformation has ended.
Your +0 cloak unmelds from your body.
The +0 pair of fencer's gloves {Riposte Dex+3} unmelds from your body.
Your +2 pair of boots unmelds from your body.
Your +5 steam dragon scales unmelds from your body.
En garde!
The seven-headed hydra bites you but does no damage. x3
The seven-headed hydra bites you!
* * * LOW HITPOINT WARNING * * *
The seven-headed hydra bites you but does no damage.
The seven-headed hydra bites you!
* * * LOW HITPOINT WARNING * * *
The seven-headed hydra bites you but does no damage.
Unknown command.
Really read with blurry vision while enemies are nearby?
The orc priest mumbles some strange prayers to Beogh against you.
Beogh smites you!
You die...

#.# #...# #.#####
#.### #.....# #.#
#####.# #o# #.# #o#
#.# #o# #.# #.# #.#
#D# #.# #@# #.###.##
#.##...## #>#.....##
#.....[..# #.#...).##
#.#...)####### .#
#.....).##...#######P.
###.###)..###.........


You could see a seven-headed hydra (very poisoned), an orc priest and 2 orcs.

Vanquished Creatures
  An orc warlord (Bailey)
  An orc knight (Bailey)
  3 gargoyles (D:10)
  Maggie (D:7)
  A komodo dragon (D:11)
  Prince Ribbit (D:7)
  A wyvern (D:11)
  7 yaks
  A shadow (D:10)
  Edmund (D:6)
  3 ice beasts
  2 sky beasts
  3 phantoms
  19 orc warriors
  5 centaurs
  6 ogres
  A big kobold (D:10)
  7 bullfrogs
  2 water moccasin zombies (D:10)
  7 scorpions
  18 wights
  2 centaur zombies (D:10)
  A quasit (D:10)
  5 hounds
  A gnoll shaman (D:6)
  2 orc priests
  2 jellies (D:6)
  2 bullfrog skeletons
  7 worker ants
  3 iguanas
  8 orc wizards
  A hound zombie (D:7)
  A hound skeleton (D:9)
  A howler monkey zombie (D:10)
  16 gnolls
  A howler monkey skeleton (D:10)
  7 adders
  2 shadow imps
  A white imp (D:4)
  An ufetubus (D:10)
  2 oozes
  6 worms
  6 leopard geckos
  61 orcs
  A ball python (D:3)
  3 giant cockroaches
  25 goblins
  24 hobgoblins
  17 jackals
  9 kobolds
  6 quokkas
  4 bats
  5 frilled lizards
  A jackal skeleton (D:8)
  A quokka zombie (D:5)
  7 rats
333 creatures vanquished.

Vanquished Creatures (others)
  14 fungi (D:11)
  39 plants
53 creatures vanquished.

Grand Total: 386 creatures vanquished

Notes
Turn   | Place    | Note
-------+----------+-------------------------------------------
     0 | D:1      | sankara the Minotaur Transmuter began the quest for the
                  | Orb.
     0 | D:1      | Reached XP level 1. HP: 16/16 MP: 1/1
   906 | D:1      | Reached XP level 2. HP: 20/23 MP: 0/3
  1241 | D:2      | Found a glowing golden altar of the Shining One.
  1274 | D:2      | Learned a level 2 spell: Wereblood
  1294 | D:2      | Reached XP level 3. HP: 20/29 MP: 2/4
  1751 | D:2      | Found a bloodstained altar of Trog.
  1955 | D:2      | Reached skill level 4 in Unarmed Combat
  2547 | D:3      | Found an opulent altar of Gozag.
  2670 | D:3      | Found a broken altar of Ashenzari.
  2720 | D:3      | Reached XP level 4. HP: 36/36 MP: 5/5
  3827 | D:3      | Reached XP level 5. HP: 25/42 MP: 1/6
  3833 | D:3      | Reached skill level 1 in Armour
  3947 | D:3      | Learned a level 3 spell: Spider Form
  4914 | D:4      | Found a staircase to the Ecumenical Temple.
  4914 | D:4      | Noticed an ogre
  4922 | D:4      | Killed an ogre
  4923 | D:4      | Reached skill level 5 in Unarmed Combat
  4923 | D:4      | Reached XP level 6. HP: 35/51 MP: 6/8
  4952 | Temple   | Entered the Ecumenical Temple
  5187 | D:4      | Reached skill level 1 in Poison Magic
  5267 | D:4      | Reached skill level 6 in Unarmed Combat
  5267 | D:4      | Reached XP level 7. HP: 26/57 MP: 6/9
  5536 | D:4      | Found a burning altar of Makhleb.
  5536 | D:4      | Found a sparkling altar of Nemelex Xobeh.
  5874 | D:4      | Found an iron altar of Okawaru.
  5992 | D:4      | Became a worshipper of Warmaster Okawaru
  6219 | D:5      | Entered Level 5 of the Dungeon
  6291 | D:5      | Found an ancient bone altar of Kikubaaqudgha.
  6293 | D:5      | Found a basalt altar of Yredelemnul.
  6294 | D:5      | Found a blossoming altar of Fedhas.
  6297 | D:5      | Found a stormy altar of Qazlal.
  6420 | D:5      | Noticed Menkaure
  6583 | D:5      | You fall into a shaft and drop 3 floors!
  6591 | D:7      | Noticed Prince Ribbit
  6598 | D:7      | Killed Prince Ribbit
  6598 | D:7      | Reached * piety under Okawaru
  6599 | D:7      | Reached skill level 1 in Throwing
  6599 | D:7      | Reached skill level 1 in Invocations
  6863 | D:7      | Reached skill level 7 in Unarmed Combat
  7585 | D:6      | Reached XP level 8. HP: 60/63 MP: 8/10
  7856 | D:6      | Noticed Edmund
  7864 | D:6      | Killed Edmund
  8361 | D:6      | Reached ** piety under Okawaru
  8572 | D:6      | Reached skill level 8 in Unarmed Combat
  9205 | D:7      | Noticed Maggie
  9216 | D:7      | Killed Maggie
  9216 | D:7      | Reached *** piety under Okawaru
  9217 | D:7      | Reached skill level 9 in Unarmed Combat
  9217 | D:7      | Reached XP level 9. HP: 64/69 MP: 6/11
  9539 | D:7      | Found Pompiocy's Weapon Shoppe.
  9895 | D:7      | Found a hazy altar of Hepliaklqana.
 10072 | D:8      | Found an opulent altar of Gozag.
 10105 | D:8      | Reached skill level 5 in Transmutations
 10111 | D:8      | Learned a level 5 spell: Blade Hands
 10608 | D:8      | Reached skill level 10 in Unarmed Combat
 11043 | D:8      | Found a glowing silver altar of Zin.
 11125 | D:9      | Reached skill level 5 in Invocations
 11217 | D:9      | Reached **** piety under Okawaru
 11227 | D:9      | Received a gift from Okawaru
 11228 | D:9      | Reached skill level 11 in Unarmed Combat
 11230 | D:9      | Reached XP level 10. HP: 74/77 MP: 7/12
 11447 | D:9      | Found Zeisa's Book Boutique.
 11866 | D:10     | Entered Level 10 of the Dungeon
 11876 | D:10     | Noticed a gargoyle
 11927 | D:10     | Noticed a gargoyle
 11945 | D:10     | Killed a gargoyle
 12186 | D:10     | Found a flagged portal.
 12299 | Bailey   | Entered a bailey
 12544 | Bailey   | Reached skill level 1 in Evocations
 12693 | Bailey   | Noticed an orc knight
 12720 | Bailey   | Killed an orc knight
 12721 | Bailey   | Reached skill level 12 in Unarmed Combat
 13089 | Bailey   | Noticed an orc warlord
 13105 | Bailey   | Killed an orc warlord
 13105 | Bailey   | Reached ***** piety under Okawaru
 13108 | Bailey   | Reached skill level 5 in Fighting
 13115 | Bailey   | Reached XP level 11. HP: 40/86 MP: 5/13
 13131 | Bailey   | Found the +0 pair of fencer's gloves {Riposte Dex+3}
 13377 | D:10     | Upgraded the game from 0.26.1-11-gd32895ea62 to
                  | 0.26.1-13-g052cdd8df3
 14137 | D:10     | Received a gift from Okawaru
 14155 | D:10     | Found a staircase to the Orcish Mines.
 14165 | D:10     | Got a transparent longbow {god gift}
 14166 | D:10     | Identified the +6 longbow of the Bear {vorpal, Int-2 Dex+6
                  | Stlth+} (Okawaru gifted it to you on level 10 of the
                  | Dungeon)
 14272 | D:10     | Gained mutation: Your body sometimes deteriorates upon
                  | taking damage. [mutagenic glow]
 14762 | D:10     | Lost mutation: Your body sometimes deteriorates upon taking
                  | damage. [potion of mutation]
 14762 | D:10     | Gained mutation: You possess an exceptional clarity of
                  | mind. [potion of mutation]
 14762 | D:10     | Gained mutation: Scrolls take you a little longer to read.
                  | [potion of mutation]
 14762 | D:10     | Gained mutation: You are robust. (+10% HP) [potion of
                  | mutation]
 15991 | D:11     | Noticed a seven-headed hydra
 16014 | D:11     | HP: 3/100 [seven-headed hydra (8)]
 16015 | D:11     | Killed from afar by an orc priest

Illustrated notes

Levels and vault maps discovered:
D:1:      elethiomel_arrival_shortcut, layout_basic
D:2:      layout_loops_ring, lemuel_doored_altar, lightli_temple_of_fire
D:3:      layout_loops_ring, evilmike_ruin_ashenzari, serial_bayou,
          serial_bayou_pond_b, serial_bayou_pond_c, serial_bayou_pond_c,
          serial_bayou_pond_e, amcnicky_altar_gilded
D:4:      layout_basic, lemuel_round_altar, gammafunk_temple_overflow_pools,
          minmay_temple_entry_waves
D:5:      layout_basic, grunt_temple_overflow_open, uniq_menkaure
D:6:      layout_loops_corners, uniq_edmund
D:7:      layout_gridville, overflow_temple_1_default, serial_shops,
          nicolae_shop_behind_doors, uniq_prince_ribbit1, uniq_maggie
D:8:      layout_loops_cross, kennysheep_mini_moat, serial_park_tiny_pond,
          nicolae_gozag_cash_rules_everything_around_me
D:9:      layout_loops_ring, serial_shops, shop
D:10:     layout_basic, hiddenorc1_lemuel, enter_bailey_3
D:11:     layout_loops_ring, grunt_lair_entry_orc_guard_hut, basic_altar
Temple:   compressed_dpeg_circular_temple

Skill      XL: |  1  2  3  4  5  6  7  8  9 10 11 |
---------------+----------------------------------+-----
Unarmed Combat | 4 5 6 7 9 11 12 | 12.8
Transmutations | 2 3 4 5 7 8 |  8.2
Fighting       | 2 3 5 6 |  6.5
Dodging        | 3 4 |  4.5
Armour         | 1 2 4 |  4.0
Spellcasting   | 2 |  2.0
Poison Magic   | 1 |  1.0
Throwing       | 1 3 |  3.0
Invocations    | 1 3 5 |  5.0
Evocations     | 3 |  3.0

Action                   |  1- 3 |  4- 6 |  7- 9 | 10-12 || total
-------------------------+-------+-------+-------+-------++-------
Melee: Unarmed           |    86 |   116 |   319 |   356 ||   877
       Headbutt          |    13 |    21 |    48 |    41 ||   123
       Kick              |    13 |    24 |    72 |    34 ||   143
       Punch             |     1 |     5 |    14 |    11 ||    31
Throw: Dart              |       |     9 |    16 |     7 ||    32
 Cast: Beastly Appendage |    22 |    19 |    48 |    14 ||   103
       Wereblood         |       |     5 |    13 |     9 ||    27
       Spider Form       |       |       |     4 |    13 ||    17
       Blade Hands       |       |       |       |    15 ||    15
Invok: Heroism           |       |       |     3 |    10 ||    13
 Abil: End Transformatio |       |       |       |     1 ||     1
Evoke: Wand              |       |       |     5 |     1 ||     6
  Use: Potion            |       |     1 |       |     2 ||     3
       Scroll            |       |       |    13 |    10 ||    23
 Stab: Sleeping          |       |       |     1 |       ||     1
Armor: Robe              |     4 |       |       |       ||     4
       Leather armour    |       |    20 |    25 |       ||    45
       Steam dragon scal |       |       |    19 |    55 ||    74
       Skin              |       |       |       |     1 ||     1
Dodge: Dodged            |    38 |    59 |   168 |   269 ||   534
